Map: Kairos Junction LE

Players

MaSa - Winner!

  • Race: Terran Terran
  • League: Master
  • Spawn Location: 11:00

Astrea

  • Race: Protoss Protoss
  • League: Grandmaster
  • Spawn Location: 5:00

Event: 2019 WCS Winter Americas

VOD

Have the link to the VOD?

Description

Time

  • Played on: March 24, 2019, 2:11 p.m.
  • Length: 17:44

All games in this series

Show
View Real Time Build Order
Export as new Build Order

MaSa Terran - Winner!

Build Orders: Cyclone Opening 

Get SALT Encoding   

  12  0:01  SCV  
  13  0:14  Supply Depot  
  13  0:18  SCV  
  14  0:30  SCV  
  15  0:38  Barracks  
  15  0:42  SCV  
  16  0:46  Refinery  
  16  0:54  SCV  
  16  0:56  Refinery  
  17  1:06  SCV  
  19  1:24  Orbital Command  
  19  1:25  Reaper  
  19  1:44  Supply Depot  
  19  1:45  Factory  
  19  1:54  Bunker  
  19  1:56  SCV  
  19  1:58  Reaper  
  21  2:15  SCV  
  22  2:27  SCV  
  23  2:31  Reaper  
  23  2:32  Factory Tech Lab  
  24  2:39  SCV  
  25  2:50  Cyclone  
  28  2:51  SCV  
  29  2:59  Command Center  
  29  3:06  Supply Depot  
  29  3:09  SCV  
  29  3:21  SCV  
  30  3:33  SCV  
  31  3:37  Factory Tech Lab  
  31  3:38  Starport  
  31  3:45  SCV, Barracks  
  32  3:57  SCV  
  29  4:03  Command Center  
  29  4:15  Siege Tank  
  32  4:19  SCV  
  32  4:26  Banshee  
  34  4:33  Bunker  
  34  4:35  Marine  
  34  4:37  SCV  
  36  4:44  Orbital Command  
  36  4:51  Siege Tank  
  40  4:52  SCV  
  37  5:11  Viking  
  37  5:12  SCV  
  37  5:13  SCV  
  41  5:19  Orbital Command  
  41  5:20  Marine  
  42  5:24  SCV  
  42  5:27  Barracks  
  36  5:45  SCV  
  36  5:47  SCV x2, Raven  
  41  5:55  Barracks Reactor  
  41  5:57  SCV  
  41  5:59  SCV x2  
  41  6:04  Siege Tank  
  47  6:10  SCV  
  48  6:11  SCV  
  48  6:13  Barracks  
  48  6:16  SCV  
  50  6:22  SCV  
  50  6:23  SCV  
  52  6:28  SCV, Supply Depot  
  52  6:29  Engineering Bay  
  53  6:33  Barracks  
  53  6:35  SCV  
  53  6:36  Siege Tank  
  57  6:41  SCV  
  57  6:42  SCV  
  57  6:46  Stimpack, Marine  
  57  6:47  Marine x2  
  60  6:50  SCV, Starport Reactor  
  60  6:51  Barracks  
  60  6:53  Supply Depot  
  63  6:54  Terran Infantry Weapons Level 1  
  63  6:55  Refinery  
  63  6:56  Refinery  
  63  6:59  SCV  
  65  7:01  SCV  
  65  7:02  Supply Depot  
  65  7:04  Barracks Reactor  
  65  7:05  SCV, Marine  
  65  7:06  Marine x2  
  65  7:08  Siege Tank  
  72  7:11  SCV  
  72  7:13  SCV  
  74  7:15  Supply Depot  
  74  7:17  SCV  
  75  7:23  Orbital Command  
  75  7:24  SCV  
  75  7:27  Marine x2  
  75  7:28  Supply Depot  
  75  7:29  SCV, Barracks Reactor  
  80  7:31  Medivac  
  80  7:36  SCV, Marine  
  83  7:40  Siege Tank, Barracks Tech Lab  
  83  7:43  SCV  
  84  7:45  Supply Depot  
  84  7:48  SCV, Marine x4  
  84  7:49  Supply Depot  
  89  7:54  Marine  
  89  7:55  SCV  
  89  7:56  SCV  
  92  7:58  Refinery  
  92  7:59  Marauder, Medivac, Refinery  
  92  8:01  Medivac  
  98  8:05  Missile Turret  
  98  8:06  SCV, Marine  
  98  8:09  SCV x2, Supply Depot  
  98  8:10  Marine  
  98  8:12  Marine x2  
  104  8:13  Marine  
  104  8:15  Combat Shield  
  104  8:18  SCV  
  107  8:21  Siege Tank  
  107  8:22  SCV  
  107  8:26  Marine x2  
  115  8:27  Marauder  
  115  8:28  SCV  
  115  8:30  Marine x2  
  117  8:37  Marine x2  
  117  8:38  Marauder  
  115  8:42  SCV  
  115  8:44  Marine x2  
  115  8:45  SCV  
  115  8:46  SCV  
  115  8:48  Armory, Marauder, Marine  
  122  8:52  Medivac, Engineering Bay  
  122  8:54  SCV, Medivac  
  116  9:04  Marauder, Marine x5  
  116  9:05  Marine  
  116  9:09  Marine  
  111  9:21  Medivac, Siege Tank  
  111  9:22  Marine x5  
  111  9:23  SCV x2, Marine  
  117  9:26  Marauder  
  117  9:27  Marauder  
  118  9:33  Medivac  
  120  9:39  Marine  
  120  9:40  Terran Infantry Weapons Level 2, Marine x4  
  120  9:41  Terran Infantry Armor Level 1, Marine  
  126  9:47  Marauder  
  126  9:49  Marauder  
  130  9:57  Command Center, Marine  
  130  9:58  Marine  
  132  10:00  Marine  
  132  10:05  Supply Depot  
  132  10:06  Supply Depot  
  133  10:07  Supply Depot  
  133  10:09  Liberator x2, Marine  
  133  10:11  Marine  
  133  10:12  Marine  
  133  10:14  Marine  
  133  10:18  Marine  
  133  10:20  Marine  
  133  10:21  Marine  
  133  10:23  Concussive Shells  
  133  10:25  SCV  
  133  10:26  SCV  
  133  10:27  Marauder, Marine  
  133  10:28  Siege Tank  
  145  10:29  Marauder  
  145  10:30  Marine  
  145  10:32  SCV  
  149  10:37  SCV  
  149  10:38  SCV  
  148  10:45  SCV  
  148  10:48  Marauder, Marine x2  
  148  10:49  SCV, Marine  
  150  10:50  SCV  
  150  10:51  Marauder  
  150  10:52  Marine  
  150  10:57  SCV  
  149  10:58  Liberator  
  149  11:01  SCV  
  149  11:03  SCV  
  147  11:09  SCV  
  136  11:12  Marauder, Marine x4  
  136  11:13  SCV, Siege Tank  
  136  11:17  SCV  
  150  11:21  SCV  
  150  11:22  Planetary Fortress  
  152  11:25  SCV  
  132  11:41  Marine  
  132  11:42  Marauder, Marine x6  
  132  11:44  SCV  
  128  11:55  SCV x2  
  128  11:56  SCV  
  130  11:59  Marine x3  
  130  12:00  Marine x4  
  130  12:03  Marine  
  130  12:17  Marine x2  
  130  12:18  Marauder  
  130  12:21  Marauder  
Show
View Real Time Build Order
Export as new Build Order

Astrea Protoss 

Build Orders: Chargelot Immortal 

Get SALT Encoding   

  12  0:00  Probe  
  13  0:13  Probe  
  14  0:17  Pylon  
  14  0:23  Probe  
  15  0:31  Probe  
  16  0:36  Gateway  
  16  0:39  Probe  
  16  0:45  Assimilator  
  17  0:50  Probe  
  17  0:53  Assimilator  
  18  0:58  Probe  
  18  1:03  Pylon  
  19  1:06  Probe  
  20  1:17  Probe  
  20  1:22  Cybernetics Core  
  21  1:29  Probe  
  24  1:42  Probe  
  25  1:52  Sentry  
  23  1:55  Nexus  
  23  1:56  Probe  
  26  2:03  Warp Gate  
  26  2:08  Probe  
  26  2:18  Stalker  
  26  2:21  Probe  
  28  2:24  Shield Battery  
  28  2:34  Probe  
  29  2:37  Robotics Facility  
  28  2:46  Probe  
  28  2:54  Stalker  
  28  2:58  Probe, Pylon  
  31  3:09  Probe  
  31  3:10  Probe  
  33  3:15  Immortal  
  31  3:23  Probe  
  35  3:29  Probe  
  36  3:35  Probe  
  37  3:41  Probe  
  37  3:47  Probe  
  39  3:53  Probe, Warp Prism  
  40  3:59  Probe  
  40  4:00  Stalker  
  45  4:05  Probe  
  46  4:11  Probe  
  46  4:18  Probe  
  46  4:23  Probe  
  46  4:29  Probe  
  48  4:31  Observer  
  48  4:32  Stalker, Probe  
  48  4:37  Probe  
  51  4:40  Probe  
  51  4:41  Pylon  
  51  4:45  Probe  
  54  4:55  Pylon  
  54  4:59  Probe x2  
  56  5:02  Observer  
  57  5:11  Probe x2  
  57  5:21  Adept  
  57  5:23  Probe x2  
  57  5:26  Forge  
  57  5:27  Assimilator, Twilight Council, Pylon  
  57  5:28  Assimilator  
  61  5:32  Gateway  
  61  5:35  Probe x2, Gateway  
  59  5:42  Protoss Ground Armor Level 1  
  55  5:48  Probe x2  
  57  5:50  Sentry  
  59  5:59  Nexus  
  59  6:03  Charge  
  59  6:04  Probe x2  
  59  6:10  Photon Cannon x2  
  61  6:13  Stalker  
  61  6:17  Observer  
  64  6:27  Templar Archives  
  64  6:29  Stalker  
  65  6:46  Probe x2, Gateway  
  65  6:47  Gateway x2  
  67  6:51  Gateway  
  67  6:56  Gateway  
  67  6:58  Probe x2  
  69  7:05  Psionic Storm  
  69  7:07  High Templar x2  
  73  7:13  High Templar  
  75  7:15  Pylon  
  75  7:17  Probe x2  
  77  7:23  Protoss Ground Armor Level 2  
  76  7:30  Probe x2  
  77  7:41  High Templar  
  77  7:42  Zealot x4  
  77  7:43  Probe x2  
  88  7:45  Probe  
  88  7:47  Pylon  
  88  7:48  Zealot x2  
  93  7:52  Zealot, Observer  
  93  7:54  Immortal  
  93  7:55  Probe x2  
  101  8:00  Pylon  
  101  8:02  Assimilator x2, Pylon  
  101  8:05  Blink  
  101  8:07  Zealot x3  
  101  8:12  Pylon  
  107  8:17  Zealot  
  109  8:20  Zealot x3  
  113  8:31  Observer  
  95  8:43  Zealot x8  
  115  8:48  Immortal  
  91  9:05  Stalker x6  
  91  9:09  Archon  
  99  9:14  Protoss Ground Armor Level 3  
  99  9:15  Zealot x2  
  87  9:26  Immortal  
  87  9:29  High Templar x4  
  87  9:30  Zealot x2  
  95  9:52  Zealot x4  
  103  9:58  Immortal  
  103  10:02  Pylon  
  103  10:06  Zealot x2, High Templar x2  
  111  10:14  Observer  
  115  10:20  Zealot  
  115  10:21  Zealot x3  
  121  10:27  Zealot x2  
  121  10:39  Zealot x2  
  121  10:42  Zealot x4  
  131  11:00  Pylon  
  131  11:03  Pylon  
  129  11:04  Pylon  
  129  11:06  Pylon  
  115  11:12  Zealot x2  
  117  11:19  Zealot x2, Immortal  
  117  11:21  Zealot x4  
  99  11:42  Zealot x8  
Tags
 
Add a new tag
Caveats
  • Supply blocks, unpowered buildings, or Contaminate may cause inaccurate times.
  • Supply counts are checked every 10 seconds.